 Dungeon Crawl Stone Soup version 0.23.2-33-g5129a83 (webtiles) character file.

Game seed: 2431687508425714312

465 Aphrodieselac the Spear-Bearer (level 7, 0/50 HPs)
             Began as a Merfolk Skald on Aug 4, 2019.
             Was an Initiate of Okawaru.
             Slain by Duvessa
             ... wielding a +0 short sword
              (1 damage)
             ... on level 5 of the Dungeon.
             The game lasted 00:21:01 (5527 turns).

Aphrodieselac the Spear-Bearer (Merfolk Skald)      Turns: 5527, Time: 00:21:01

Health: 0/50       AC:  6    Str: 12    XL:     7   Next: 8%
Magic:  5/10       EV: 11    Int: 14    God:    Okawaru [......]
Gold:   244        SH:  0    Dex: 13    Spells: 2/10 levels left

rFire    . . .     SeeInvis .   a - +0 spear
rCold    + . .     Gourm    .   (no shield)
rNeg     . . .     Faith    .   k - +0 ring mail {rPois}
rPois    +         Spirit   .   p - +0 helmet
rElec    .         Reflect  .   (no cloak)
rCorr    .         Harm     .   (no gloves)
MR       .....                  (no boots)
Stlth    +.........             (no amulet)
HPRegen  0.16/turn              n - ring of wizardry
MPRegen  0.12/turn              r - ring of protection from cold

@: no status effects
A: change form in water, swift swim, stealthy swim
a: Renounce Religion


You were on level 5 of the Dungeon.
You worshipped Okawaru.
Okawaru was noncommittal.
You were not hungry.

You visited 1 branch of the dungeon, and saw 5 of its levels.

You collected 244 gold pieces.

Inventory:

Hand Weapons
 a - a +0 spear (weapon)
Missiles
 u - 20 poisoned needles
 x - 8 tomahawks (quivered)
Armour
 b - a +0 leather armour
 k - a +0 ring mail of poison resistance (worn)
 p - a +0 helmet (worn)
Jewellery
 c - an uncursed ring of resist corrosion
 n - a ring of wizardry (left hand)
 r - a ring of protection from cold (right hand)
Wands
 z - a wand of iceblast (9)
Scrolls
 e - 2 scrolls of fog {unknown}
 h - 2 scrolls of immolation {unknown}
 i - 2 scrolls of remove curse {unknown}
 j - 3 scrolls of teleportation
 l - 3 scrolls of magic mapping {unknown}
 q - a scroll of enchant weapon {unknown}
 v - a scroll of enchant armour {unknown}
 w - a scroll of amnesia {unknown}
 y - a scroll of identify {unknown}
Potions
 f - 4 potions of degeneration {unknown}
 g - 3 potions of heal wounds {unknown}
 m - a potion of lignification {unknown}
 s - 2 potions of curing {unknown}
 t - a potion of flight {unknown}
Comestibles
 d - 8 rations
 o - 2 chunks of flesh


   Skills:
 - Level 2.1 Fighting
 * Level 9.0 Polearms
 - Level 0.6 Armour
 - Level 2.6 Dodging
 - Level 0.8 Stealth
 - Level 2.0 Spellcasting
 + Level 5.3 Charms


You had 2 spell levels left.
You knew the following spells:

 Your Spells              Type           Power        Failure   Level  Hunger
a - Infusion              Chrm           ###.         2%          1    ##.....
b - Spectral Weapon       Hex/Chrm       #.......     21%         3    ####...
c - Song of Slaying       Chrm           ###.....     3%          2    ###....
d - Shroud of Golubria    Chrm/Tloc      #.........   11%         2    ###....

Your spell library contained the following spells:

 Spells                   Type           Power        Failure   Level  Hunger
 Regeneration             Chrm/Necr      #.........   21%         3    ####...


Dungeon Overview and Level Annotations

Branches:
Dungeon (5/15)
 Temple: D:4-7

Altars:
Makhleb
Okawaru
Qazlal
Vehumet

Annotations:
D:5 Dowan, Duvessa


Message History

Duvessa is almost dead.
Duvessa hits you with a +0 short sword!
* * * LOW HITPOINT WARNING * * *
Dowan hits you with a +0 dagger.
* * * LOW HITPOINT WARNING * * *
Attack whom?
Press: ? - help, Dir - move target cursor, f/p - Duvessa
Aim: Duvessa, wielding a +0 short sword and wearing a +0 ring mail (almost dead)
You hit Duvessa.
Duvessa is almost dead.
Duvessa hits you with a +0 short sword.
* * * LOW HITPOINT WARNING * * *
You barely miss Duvessa.
Duvessa is almost dead.
Dowan mumbles some strange words.
Dowan blinks!
You hit Duvessa but do no damage.
Duvessa is almost dead.
Duvessa hits you with a +0 short sword.
You die...

.##.[..........#............
###........###.#.......$....
#........................#
#............e.........#..
#.......(.# #......##.....
###.........####...5.....#
.............).....#..##.###
...#..........##.e##....[...
...##..÷...#...÷@...........
..............#...........##
#
............#.##.###......#
#.## ...###......#..#.#
.......# #... ...#
#......#..... .......# ####
...#
#>.....#..#...........#####.
...#
#.###..##..#.#..........e...
#### #.#
..####...######......... #..
..# # .# ##......


You could see Duvessa, Dowan and a shadow imp.

Vanquished Creatures
  2 scorpions (D:4)
  A crimson imp (D:5)
  2 hounds
  An orc priest (D:5)
  An orc wizard (D:5)
  An iguana (D:4)
  Terence (D:2)
  A worker ant (D:5)
  Robin (D:2)
  4 adders
  2 worms
  3 dart slugs
  A leopard gecko (D:1)
  An orc (D:5)
  3 ball pythons
  6 bats
  3 giant cockroaches
  9 hobgoblins
  13 jackals
  2 quokkas
  6 frilled lizards
  A giant cockroach zombie (D:5)
  15 goblins
  5 kobolds
  9 rats
94 creatures vanquished.

Notes
Turn   | Place    | Note
-------+----------+-------------------------------------------
     0 | D:1      | Aphrodieselac the Merfolk Skald began the quest for the
                  | Orb.
     0 | D:1      | Reached XP level 1. HP: 16/16 MP: 3/3
   227 | D:1      | Reached XP level 2. HP: 20/22 MP: 5/5
   348 | D:1      | Reached skill level 4 in Polearms
   458 | D:1      | Reached XP level 3. HP: 27/27 MP: 6/6
  1009 | D:2      | Reached skill level 5 in Polearms
  1238 | D:2      | Noticed Terence
  1404 | D:2      | Killed Terence
  1404 | D:2      | Reached XP level 4. HP: 2/33 MP: 4/7
  1906 | D:2      | Noticed Robin
  1912 | D:2      | Reached skill level 6 in Polearms
  2274 | D:2      | Killed Robin
  2416 | D:3      | Reached XP level 5. HP: 38/38 MP: 8/8
  2497 | D:3      | Found a stormy altar of Qazlal.
  3308 | D:4      | Found an iron altar of Okawaru.
  3331 | D:4      | Became a worshipper of Warmaster Okawaru
  3598 | D:4      | Reached skill level 7 in Polearms
  4161 | D:4      | Reached XP level 6. HP: 13/44 MP: 4/9
  4444 | D:4      | Reached skill level 8 in Polearms
  4730 | D:4      | Learned a level 3 spell: Spectral Weapon
  4740 | D:4      | Learned a level 2 spell: Song of Slaying
  4743 | D:4      | Learned a level 2 spell: Shroud of Golubria
  4751 | D:5      | Entered Level 5 of the Dungeon
  4794 | D:5      | Reached skill level 5 in Charms
  5000 | D:5      | Noticed Duvessa
  5000 | D:5      | Noticed Dowan
  5264 | D:5      | Found a burning altar of Makhleb.
  5264 | D:5      | Found a radiant altar of Vehumet.
  5320 | D:5      | Reached XP level 7. HP: 34/50 MP: 10/10
  5336 | D:5      | Reached skill level 9 in Polearms
  5522 | D:5      | HP: 1/50 [Duvessa/+0 short sword (4)]
  5527 | D:5      | Slain by Duvessa

Skill      XL: |  1  2  3  4  5  6  7 |
---------------+----------------------+-----
Polearms       | 4 5 6 7 8 9 |  9.0
Charms         | 4 5 |  5.3
Fighting       | |  2.1
Armour         | |  0.6
Dodging        | |  2.6
Stealth        | |  0.8
Spellcasting   | |  2.0

Action                   |  1- 3 |  4- 6 |  7- 9 || total
-------------------------+-------+-------+-------++-------
Melee: Spear             |   147 |   417 |    45 ||   609
Throw: Throwing net      |     1 |       |       ||     1
       Tomahawk          |       |    14 |       ||    14
 Cast: Infusion          |     2 |     3 |     1 ||     6
       Shroud of Golubri |       |       |     1 ||     1
  Use: Scroll            |       |     2 |       ||     2
 Stab: Sleeping          |     3 |       |       ||     3
  Eat: Chunk             |     1 |    10 |     1 ||    12
       Ration            |       |     1 |       ||     1
Armor: Leather armour    |    25 |     4 |       ||    29
       Ring mail         |       |    70 |     4 ||    74
Dodge: Dodged            |    50 |   134 |    15 ||   199
